Map: Paladino Terminal LE

Players

Musumeci - Winner!

  • Race: Terran Terran
  • League: Diamond
  • Spawn Location: 9:00

Andrea

  • Race: Protoss Protoss
  • Spawn Location: 5:00

VOD

Have the link to the VOD?

Description

Time

  • Played on: Feb. 8, 2017, 7:20 a.m.
  • Length: 21:09
Show
View Real Time Build Order
Export as new Build Order

Musumeci Terran - Winner!

Build Orders:  

Get SALT Encoding   

  12  0:02  SCV  
  13  0:14  SCV  
  14  0:25  Supply Depot  
  14  0:47  Barracks  
  14  1:07  SCV  
  14  1:11  Refinery  
  15  1:19  SCV  
  16  1:27  Refinery  
  16  1:31  SCV  
  16  1:41  Marine  
  16  1:43  SCV  
  18  1:55  SCV, Barracks  
  18  2:01  Barracks Reactor  
  19  2:07  SCV  
  20  2:11  Supply Depot  
  21  2:26  Orbital Command  
  20  2:31  Command Center  
  20  2:41  Barracks  
  20  2:43  Barracks Tech Lab  
  20  2:46  Marine  
  21  3:05  Stimpack, Marine  
  21  3:06  Marine  
  21  3:08  Marine  
  24  3:30  Engineering Bay  
  24  3:32  Barracks Tech Lab  
  24  3:35  Barracks Reactor  
  24  3:36  Marine x2  
  24  3:37  Marine  
  27  3:47  Orbital Command  
  27  3:59  Marine x3  
  30  4:11  SCV  
  30  4:13  Marine x2  
  33  4:17  Terran Infantry Weapons Level 1  
  33  4:22  Engineering Bay  
  33  4:23  SCV  
  34  4:26  Marine x2  
  34  4:27  Marine  
  37  4:31  Marine x2  
  37  4:32  Orbital Command  
  39  4:52  Supply Depot  
  39  4:55  Marine x3  
  39  4:56  Marine  
  44  5:14  SCV x2  
  44  5:16  Bunker  
  44  5:20  Terran Infantry Armor Level 1  
  45  5:26  SCV x2  
  46  5:38  SCV x2  
  44  5:50  SCV x2  
  44  5:51  Marine x5  
  51  6:08  Marine  
  51  6:09  Factory, Marine x2  
  54  6:19  Bunker  
  54  7:00  SCV  
  54  7:17  Starport  
  54  7:40  Supply Depot  
  54  7:45  Marine  
  54  7:47  SCV  
  54  7:49  Marine  
  54  8:01  Marine x3  
  54  8:02  SCV  
  54  8:03  Marine, Starport Reactor  
  54  8:04  Supply Depot  
  59  8:07  Marine  
  59  8:08  SCV  
  61  8:14  SCV, Refinery  
  61  8:17  Refinery  
  62  8:25  SCV, Marine x5  
  62  8:26  SCV, Barracks  
  69  8:27  Supply Depot  
  69  8:32  Barracks  
  69  8:34  Starport  
  69  8:38  SCV  
  70  8:47  Supply Depot  
  70  8:48  Widow Mine  
  70  8:49  Medivac x2  
  70  8:51  Supply Depot  
  76  8:55  Supply Depot  
  76  8:57  Supply Depot  
  76  8:59  Marine x2  
  78  9:08  Marine x3  
  78  9:09  Supply Depot  
  81  9:14  Supply Depot  
  81  9:17  Widow Mine, Marine  
  84  9:27  Supply Depot  
  84  9:31  Supply Depot  
  84  9:40  Barracks Reactor x2, Starport Reactor  
  83  9:55  Supply Depot  
  82  10:17  Supply Depot  
  82  10:18  Supply Depot x2  
  82  10:28  Marine x4  
  82  10:29  Medivac x2  
  82  10:30  Widow Mine, Medivac x2  
  82  10:32  Marine  
  82  10:33  Marine x4  
  101  10:46  Marine x2  
  94  10:59  Widow Mine  
  76  12:27  Marine  
  76  12:28  Marine x8  
  84  12:45  Marine x6  
  84  12:47  Marine  
  84  12:48  Marauder, Marine  
  80  13:03  Marine x4  
  56  13:29  Marine x9  
  58  13:46  Marine  
  50  14:02  Marine x4  
  47  14:03  Marine x2  
  52  14:11  Medivac x2  
  52  14:12  Medivac  
  52  14:14  Widow Mine  
  60  14:22  Orbital Command  
  60  14:35  Marine x9  
  69  14:45  Armory  
  69  14:48  Medivac  
  71  14:53  Widow Mine, Marine x4  
  72  15:29  Medivac  
  72  15:30  Medivac  
  72  15:31  Starport Reactor  
  72  15:33  Factory Reactor  
  74  15:36  Marine x8  
  74  15:37  Marine  
  74  15:39  Terran Infantry Armor Level 2  
  74  15:40  Terran Infantry Weapons Level 2  
  83  15:52  Bunker, Refinery  
  83  15:53  Marine  
  84  15:57  Refinery  
  84  16:03  Marauder  
  86  16:16  Marine x4  
  86  16:17  Marine x4  
  94  16:23  Bunker  
  94  16:25  Marauder  
  96  16:34  Marine  
  96  16:35  Combat Shields  
  97  16:46  Marauder  
  99  17:08  Marauder  
Show
View Real Time Build Order
Export as new Build Order

Andrea Protoss 

Build Orders:  

Get SALT Encoding   

  12  0:03  Probe (Chrono Boost)  
  14  0:14  Probe (Chrono Boost)  
  14  0:24  Probe (Chrono Boost)  
  14  0:26  Pylon  
  15  0:45  Probe (Chrono Boost)  
  16  0:55  Probe (Chrono Boost)  
  17  1:06  Probe (Chrono Boost)  
  17  1:08  Gateway  
  18  1:16  Probe (Chrono Boost)  
  19  1:18  Assimilator  
  19  1:45  Probe (Chrono Boost)  
  20  1:49  Nexus  
  20  1:52  Pylon  
  20  1:58  Probe (Chrono Boost)  
  21  2:02  Zealot  
  23  2:10  Probe (Chrono Boost)  
  23  2:11  Assimilator  
  24  2:20  Probe (Chrono Boost)  
  25  2:23  Assimilator  
  25  2:26  Pylon  
  25  2:29  Zealot  
  27  2:31  Probe (Chrono Boost)  
  28  2:44  Cybernetics Core  
  28  2:54  Pylon  
  28  3:00  Zealot  
  28  3:02  Probe (Chrono Boost)  
  31  3:09  Probe (Chrono Boost)  
  31  3:12  Probe (Chrono Boost)  
  33  3:19  Probe (Chrono Boost)  
  34  3:23  Probe (Chrono Boost)  
  34  3:26  Forge  
  35  3:27  Zealot  
  35  3:29  Pylon  
  37  3:37  Gateway  
  37  3:54  Zealot  
  40  3:55  Probe (Chrono Boost)  
  40  3:56  Probe (Chrono Boost)  
  41  4:03  Pylon  
  41  4:06  Pylon, Probe x2 (Chrono Boost)  
  43  4:17  Mothership Core (Chrono Boost), Probe (Chrono Boost)  
  46  4:19  Warp Gate  
  46  4:22  Protoss Shields Level 1  
  46  4:29  Stalker x2  
  50  4:45  Probe x2 (Chrono Boost)  
  52  4:55  Probe (Chrono Boost)  
  52  4:57  Probe (Chrono Boost)  
  54  5:06  Probe (Chrono Boost)  
  55  5:08  Probe (Chrono Boost)  
  55  5:09  Gateway  
  55  5:10  Gateway  
  56  5:16  Probe (Chrono Boost)  
  53  5:53  Zealot  
  53  5:54  Zealot  
  57  6:02  Sentry x2  
  61  6:10  Pylon  
  61  6:20  Stalker  
  61  6:21  Stalker, Probe x2 (Chrono Boost)  
  61  6:22  Assimilator  
  67  6:28  Stalker x2, Protoss Ground Weapons Level 1  
  67  6:32  Probe x2 (Chrono Boost)  
  73  6:35  Pylon  
  73  6:38  Pylon  
  73  6:42  Pylon, Probe (Chrono Boost)  
  74  6:48  Pylon  
  74  6:50  Stalker  
  72  7:10  Nexus  
  72  7:22  Photon Cannon  
  72  7:24  Photon Cannon  
  72  7:52  Nexus  
  72  7:57  Stalker, Zealot x2  
  72  7:58  Stalker  
  80  8:03  Pylon  
  80  8:05  Pylon  
  80  8:10  Assimilator  
  80  8:22  Protoss Ground Armor Level 1  
  80  8:24  Stalker  
  82  8:27  Zealot  
  82  8:28  Stalker, Zealot  
  82  8:33  Gateway  
  88  8:36  Gateway x2  
  88  8:54  Stalker, Sentry  
  88  8:55  Sentry  
  94  9:02  Zealot  
  96  9:20  Zealot  
  96  9:21  Stalker  
  96  9:23  Protoss Air Weapons Level 1  
  96  9:24  Stalker  
  102  9:33  Twilight Council  
  102  9:36  Robotics Facility  
  86  10:04  Mothership Core (Chrono Boost)  
  88  10:21  Zealot x2  
  88  10:22  Zealot  
  88  10:23  Sentry  
  96  10:49  Sentry x3, Zealot  
  84  11:15  Sentry x2, Zealot  
  84  11:17  Sentry  
  88  11:35  Mothership Core (Chrono Boost)  
  90  11:42  Sentry x3  
  95  12:06  Zealot  
  95  12:07  Zealot x2  
  41  13:41  Sentry x3  
  15  14:07  Sentry, Zealot x2  
  21  14:13  Sentry, Pylon, Probe x2 (Chrono Boost)  
  23  14:19  Probe (Chrono Boost)  
  23  14:23  Probe x2 (Chrono Boost)  
  26  14:25  Probe (Chrono Boost)  
  26  14:30  Probe (Chrono Boost)  
  28  14:33  Sentry  
  28  14:34  Sentry, Zealot, Probe x2 (Chrono Boost)  
  28  14:36  Probe (Chrono Boost)  
  37  14:40  Probe (Chrono Boost)  
  37  14:44  Probe x2 (Chrono Boost)  
  40  14:46  Probe (Chrono Boost)  
  40  14:51  Probe (Chrono Boost)  
  42  14:55  Probe x2 (Chrono Boost)  
  42  14:57  Probe (Chrono Boost)  
  47  15:00  Stalker, Zealot  
  47  15:01  Stalker, Probe (Chrono Boost)  
  47  15:05  Probe (Chrono Boost)  
  47  15:06  Mothership Core (Chrono Boost)  
  52  15:07  Probe (Chrono Boost)  
  52  15:12  Probe (Chrono Boost)  
  54  15:16  Probe (Chrono Boost)  
  54  15:26  Stalker  
  56  15:29  Probe x4 (Chrono Boost)  
  56  15:30  Stalker  
  56  15:31  Stalker  
  64  15:39  Probe (Chrono Boost)  
  64  15:40  Probe x2 (Chrono Boost)  
  67  15:43  Pylon  
  67  15:51  Probe x3 (Chrono Boost)  
  70  15:59  Probe (Chrono Boost)  
  70  16:01  Stalker, Zealot, Probe x3 (Chrono Boost)  
  78  16:09  Probe (Chrono Boost)  
  79  16:12  Twilight Council  
  79  16:45  Stalker, Zealot  
  79  16:46  Stalker x3  
  77  17:17  Stalker x2  
  31  17:47  Stalker x2  
Tags
 
League
Diamond
Matchup
PvT
Replay Pack
replay pack
Spawn Locations
Cross Positions
Add a new tag
Caveats
  • Supply blocks, unpowered buildings, or Contaminate may cause inaccurate times.
  • Supply counts are checked every 10 seconds.